[Event "55th Ladies GM 2024"]
[Site "Belgrade9"]
[Date "2024.03.04"]
[Round "3.1"]
[White "Maltsevskaya, Aleksandra"]
[Black "Pogorelskikh, Sofia"]
[Result "1-0"]
[ECO "A28"]
[WhiteElo "2374"]
[BlackElo "2214"]
[Annotator "TA"]
[PlyCount "65"]
[EventDate "2024.03.02"]
[EventType "tourn"]
[EventCountry "SRB"]
[SourceTitle "playchess.com"]
[Source "ChessBase"]
[SourceQuality "1"]
[TimeControl "40/5400+30:1800+30"]

1. c4 e5 2. Nc3 Nf6 3. Nf3 Nc6 4. d4 exd4 5. Nxd4 Bb4 6. Bg5 h6 7. Bh4 O-O 8. e3 Ne5 (8... Re8 $11) 9. Qc2 Ng6 10. Bg3 {[%emt 0:00:10] Die Stellung ist ausgeglichen.} Bxc3+ 11. bxc3 (11. Qxc3 $11 h5 12. Qa5) 11... Nh5 $15 12. c5 Nxg3 13. hxg3 Qg5 14. g4 Qxc5 15. Rh5 d5 16. Be2 c6 17. Kd2 (17. g5 $15) 17... Qe7 $17 18. g5 c5 (18... hxg5 19. Rah1 f5 20. g4 $11) 19. Nf5 Bxf5 20. Qxf5 {[%emt 0:00:05] [#]} d4 $1 {[%emt 0:01:51][%mdl 512] Und jetzt ...dxe3+ wäre schön.} 21. gxh6 dxe3+ 22. Kc2 exf2 (22... Rad8 $17 {Droht ...Rd2+ und aus.} 23. hxg7 Rd2+ (23... Kxg7 24. fxe3 Qxe3 25. Bb5 $19) 24. Kb3 Kxg7 (24... Rxe2 $2 25. gxf8=Q+ Kxf8 26. fxe3 $18) (24... Rfd8 25. Rah1 $14)) 23. Bc4 ({Vorzuziehen ist} 23. Bd3 $11) 23... Nh4 $2 {[%emt 0:08:57][%mdl 8192] Danach kann Schwarz die Partie nicht mehr halten.} (23... Rae8 $1 $15 24. hxg7 (24. Qxg6 Qe2+ 25. Bxe2 Rxe2+ 26. Kd3 fxg6 $19) 24... Kxg7) 24. Qg4 $18 (24. Qxf2 Ng6 $16 (24... Qe4+ $2 25. Kb3 $18)) 24... g6 25. Qxh4 (25. Rxh4 Kh7 26. Qf4 Rae8 27. Qxf2 b6 $18) 25... Qd6 (25... Rae8 26. Rf1 (26. Qxe7 Rxe7 27. Rhh1 Kh7 $18) 26... Kh7 (26... gxh5 27. Qg3+)) 26. Rd1 Qc6 {[%emt 0:01:11] [#]} 27. Qxf2 $1 Qa4+ (27... Kh7 28. Rxc5) 28. Kb2 {[%emt 0:01:20] Weiß setzt Matt.} Qxc4 {[%emt 0:05:00] [#]} 29. Qf6 $1 Qe2+ {[%emt 0:00:00] [#]} 30. Kc1 $1 ({Weniger gut wäre} 30. Ka3 Qa6+ 31. Qxa6 bxa6 32. Rxc5 Kh7 $16) 30... Qe3+ 31. Rd2 Qe1+ 32. Kc2 Qe4+ 33. Kb2 {[%emt 0:00:04] Gewichteter Fehlerwert: Weiß=0.16 (sehr präzise) /Schwarz=0.56.  Verlustzug:     	---       	Schwarz=1     Fehler:       	Weiß=4     	Schwarz=3     Ungenau:       	Weiß=1     	Schwarz=3     OK:         	Weiß=6     	Schwarz=9     Bester:       	---       	Schwarz=1     Brilliant:      	---       	Schwarz=1} 1-0

[Event "55th Ladies GM 2024"]
[Site "Belgrade9"]
[Date "2024.03.04"]
[Round "3.2"]
[White "Vujovic, Vera"]
[Black "Kulkarni Bhakti"]
[Result "0-1"]
[ECO "C60"]
[WhiteElo "2175"]
[BlackElo "2372"]
[Annotator "TA"]
[PlyCount "90"]
[EventDate "2024.03.02"]
[EventType "tourn"]
[EventCountry "SRB"]
[SourceTitle "playchess.com"]
[Source "ChessBase"]
[SourceQuality "1"]
[TimeControl "40/5400+30:1800+30"]

1. e4 e5 2. Nf3 Nc6 3. Bb5 Nge7 4. d4 exd4 5. Nxd4 Nxd4 6. Qxd4 Nc6 7. Qe3 Bb4+ 8. c3 Be7 9. Qg3 {[%emt 0:06:34] White is slightly better.} O-O 10. O-O Bh4 11. Qf4 d6 12. Bxc6 (12. Nd2 $11) 12... bxc6 $15 13. Rd1 Qe7 14. Be3 Rb8 (14... g5 $15 15. Qf3 g4) 15. b4 {[%emt 0:05:36] [#]} (15. b3 $11) 15... a5 $1 $17 16. a3 h5 17. h3 g5 (17... f5 $1 $15 18. exf5 Rxf5) 18. Qf3 (18. Qh2 $1 $11 {remains equal.} g4 (18... Qxe4 $2 19. Nd2 $18) 19. hxg4) 18... g4 19. Qf4 (19. hxg4 $2 Bxg4 20. Qf4 Bxd1 $19) 19... Rb5 (19... f5 $17 20. e5 Qxe5 (20... dxe5 $2 21. Qh6 $19) 21. Qxe5 dxe5) 20. hxg4 $15 Bxg4 21. Re1 Bg5 {[%emt 0:00:58] This pair of bishops is nice.} 22. Qg3 Qxe4 23. Nd2 Qg6 24. c4 Bxe3 25. Rxe3 Rg5 26. f4 (26. bxa5 $11 {keeps the balance.} Rxa5 27. Rae1) 26... Rf5 $17 27. Rae1 axb4 28. axb4 Qf6 29. Re4 {[%emt 0:00:38] Dodges Qd4+} Kh8 30. Nf1 $1 d5 31. cxd5 cxd5 32. Re8 Qd4+ 33. Kh2 Rxe8 34. Rxe8+ Kh7 35. Ne3 Rf6 (35... Rxf4 $5 36. Nxd5 Rf1 $11) 36. f5 c6 37. Qb8 {[%emt 0:01:10] Intending Rh8+ and mate.} Rh6 $1 38. Qc7 {[%emt 0:00:00][%cal Oe8f8] aiming for Rf8!} Qf6 (38... Qxb4 39. Qxf7#) 39. Qc8 (39. Re6 $11 {and White has nothing to worry.} Qh4+ 40. Kg1 Rxe6 41. Qxf7+ Kh8 42. Qf8+ Kh7 43. Qf7+ (43. fxe6 Bxe6 44. Nc2 Qg5 $11) 43... Kh8 44. Qf8+ Kh7 45. Qf7+ (45. fxe6 Bxe6 46. Qe8 Qe4 $11)) 39... d4 $19 40. Nxg4 {[%emt 0:00:27] [#]} (40. Nf1 $19 Bxf5 (40... Qxf5 $2 {is the wrong capture.} 41. Rh8+ Kg6 42. Qg8+ Kf6 43. Rxh6+ $18) 41. Qd8) 40... hxg4+ {[%emt 0:00:22] KQR-KQR. Black mates.} 41. Kg3 Qh4+ 42. Kf4 Qf2+ 43. Kxg4 Rh4+ 44. Kg5 Qg3+ 45. Kf6 Rh6+ {[%emt 0:00:00] Weighted Error Value: White=0.42/Black=0.08 (flawless) .  Loses game:     	White=1     	---        Mistake:       	White=5     	Black=3      Inaccurate:     	White=2     	Black=2      OK:         	White=14    	Black=9      Best:        	---       	Black=4      Strong:       	White=1     	Black=1} 0-1

[Event "55th Ladies GM 2024"]
[Site "Belgrade9"]
[Date "2024.03.04"]
[Round "3.3"]
[White "Mehmed, Elif"]
[Black "Doluhanova, Evgeniya"]
[Result "1-0"]
[ECO "C47"]
[WhiteElo "2194"]
[BlackElo "2261"]
[Annotator "TA"]
[PlyCount "91"]
[EventDate "2024.03.02"]
[EventType "tourn"]
[EventCountry "SRB"]
[SourceTitle "playchess.com"]
[Source "ChessBase"]
[SourceQuality "1"]
[TimeControl "40/5400+30:1800+30"]

1. e4 e5 2. Nf3 Nc6 3. Nc3 Nf6 4. a3 g6 5. d4 exd4 6. Nxd4 Bg7 7. Nxc6 bxc6 8. Bc4 {[%emt 0:01:07] The position is equal.} O-O 9. O-O d6 10. Bg5 h6 11. Bh4 Qe8 (11... g5 $5 12. Bg3 $8 h5 $15) 12. Qe2 Rb8 13. Rab1 Be6 14. Bd3 c5 15. f4 Bg4 16. Qe1 Nh7 (16... Bd7 $11 {remains equal.}) 17. f5 $16 gxf5 18. exf5 {[%emt 0:00:22] Threatens to win with f6.} Bd4+ {[%emt 0:00:57] [#]} 19. Bf2 $1 {[%emt 0:03:55] aiming for Bxd4.} Qxe1 20. Rbxe1 {[%emt 0:01:35] Bxd4 is the strong threat.} f6 (20... Bxc3 {keeps fighting.} 21. bxc3 Bh5) 21. Bxd4 $18 cxd4 22. Bc4+ Kh8 23. Nd5 Rfe8 {[%emt 0:10:53] Black is weak on the light squares} 24. Ne7 (24. Nxc7 $6 Rxe1 25. Rxe1 Bxf5 $16) 24... Bh5 {[%emt 0:04:32] [#] Prevents Bf7} 25. g4 Bxg4 $16 26. Bf7 Rf8 27. Ng6+ Kg7 28. Nxf8 Kxf8 29. Bg6 Ng5 30. Kf2 $36 {[%emt 0:01:58][%mdl 2048] Prevents Nf3. White is really pushing.} d5 31. Kg3 h5 32. b4 a5 $2 {[%emt 0:00:25] This costs Black the game.} (32... Ne4+ $16 33. Kg2 Ng5) 33. bxa5 $18 {[%emt 0:00:40][%cal Oe1e8] Hoping for Re8+!} Ra8 {[%emt 0:00:12] [#]} (33... d3 {was worth a try.}) 34. Re8+ $1 Rxe8 35. Bxe8 {[%emt 0:00:04][%cal Oa5a6][%mdl 4096] Endgame. And now a6! would win. KRB-KBN} Ne4+ 36. Kh4 {[%emt 0:02:47][%cal Oa5a6] Strongly threatening a6!} Be2 37. Re1 (37. Bxh5 $2 {perishes.} Bxf1 38. Bf3 c5 $19) 37... Kxe8 38. Rxe2 {[%emt 0:00:11][%cal Oa5a6] Intending a6! and mate. KR-KN} Kd7 39. Kxh5 c5 40. Kg4 c4 41. Kf4 Nc5 42. h4 c3 43. h5 {[%emt 0:01:21] White mates.} d3 44. cxd3 Nxd3+ 45. Ke3 Nc5 46. Kd4 {[%emt 0:00:25] Weighted Error Value: White=0.09 (flawless) /Black=0.57.  Loses game:     	---       	Black=1      Mistake:       	White=1     	Black=3      Inaccurate:     	White=2     	Black=4      OK:         	White=15    	Black=9      Best:        	White=2     	Black=2      Strong:       	White=1     	---} 1-0

[Event "55th Ladies GM 2024"]
[Site "Belgrade9"]
[Date "2024.03.04"]
[Round "3.4"]
[White "Lu, Miaoyi"]
[Black "Djukic, Sandra"]
[Result "1-0"]
[ECO "B06"]
[WhiteElo "2392"]
[BlackElo "2127"]
[Annotator "TA"]
[PlyCount "73"]
[EventDate "2024.03.02"]
[EventType "tourn"]
[EventCountry "SRB"]
[SourceTitle "playchess.com"]
[Source "ChessBase"]
[SourceQuality "1"]
[TimeControl "40/5400+30:1800+30"]

1. e4 c5 2. Nf3 g6 3. c3 d5 4. exd5 Qxd5 5. d4 Bg7 6. Na3 cxd4 7. Bc4 Qe4+ {[%emt 0:07:03] [#]} 8. Be3 $1 {[%emt 0:04:04][%cal Oc4f7] aiming for Bxf7+!} Nh6 (8... dxe3 $2 9. Bxf7+ Kxf7 (9... Kf8 $2 10. Qd8+ Kxf7 11. Ng5+ Kf6 12. Nxe4+ $18) 10. Ng5+ Ke8 11. Nxe4 $18) 9. Nb5 {[%emt 0:02:37] The position is equal.} (9. Nxd4 Qxg2 10. Qf3 Qxf3 11. Nxf3 O-O $17) 9... Na6 (9... dxe3 10. Nc7+ Kf8 11. Qd8#) (9... O-O $1 $11 10. cxd4 Nc6) 10. cxd4 {[%emt 0:14:24] White is more active.} (10. Nfxd4 Qxg2 11. Qf3 Qxf3 12. Nxf3 O-O 13. Bxa7 Bh3 $17) (10. Nbxd4 $16 {0-0 would now be deadly.} O-O 11. O-O) 10... O-O $1 $14 11. O-O Bg4 12. Be2 Nf5 13. Bg5 Qd5 14. Nc3 Qa5 15. d5 h6 16. Bf4 Rad8 17. h3 Bxf3 18. Bxf3 Nd4 19. Be4 e5 20. Be3 Nc5 {[%emt 0:00:31] A dynamic duo of knights.} 21. Bd3 Nxd3 22. Qxd3 Rfe8 23. Rad1 b5 24. Bxd4 exd4 25. Qxb5 Qc7 (25... Qxb5 {simplifies} 26. Nxb5 a6 27. Nxd4 Rxd5 28. Nb3 Rxd1 29. Rxd1 Bxb2 30. g3 Re6) 26. Ne2 Qe5 27. Nxd4 {[%emt 0:00:13] Threatens to win with Nc6.} Rxd5 28. Qa4 (28. Qc6 $1 $11 Rd6 29. Rde1 Qxe1 (29... Qxd4 $2 {perishes.} 30. Qxe8+ Bf8 31. Re7 $18) (29... Rxc6 30. Rxe5 Rxe5 31. Nxc6 $11) 30. Qxd6) 28... Red8 $4 (28... Rxd4 29. Rxd4 (29. Qxa7 $2 Qd5 $19) 29... Bf6 30. Rfd1 $18) (28... Qe4 $19 29. Qxa7 Bxd4 (29... Rxd4 $2 30. Qc5 $19)) 29. Nc6 $18 Qe8 {[%emt 0:00:14] [#] And now ...Rxd1 would win.} 30. Rde1 Qd7 (30... Be5 $142) 31. Re7 Qd6 32. Rxa7 Re8 {[%emt 0:01:11][%cal Od5d2] [#]} 33. Ra8 $1 Rxa8 $2 (33... Rf8 34. b4 Rd2) 34. Qxa8+ {[%emt 0:00:02] White is clearly winning.} Bf8 {[%emt 0:00:17] [#]} 35. Ne7+ $1 Qxe7 36. Qxd5 Qb4 37. Qb3 {[%emt 0:01:31] Weighted Error Value: White=0.34/Black=0.37.  Loses game:     	White=1     	---        Missed win:     	---       	Black=1      Mistake:       	White=1     	Black=3      Inaccurate:     	White=1     	Black=1      OK:         	White=9     	Black=14     Best:        	White=3     	Black=1      Strong:       	---       	Black=1} 1-0

[Event "55th Ladies GM 2024"]
[Site "Belgrade9"]
[Date "2024.03.04"]
[Round "3.5"]
[White "Xu, Yuanyuan"]
[Black "Kubicka, Anna"]
[Result "1-0"]
[ECO "E90"]
[WhiteElo "2288"]
[BlackElo "2278"]
[Annotator "TA"]
[PlyCount "93"]
[EventDate "2024.03.02"]
[EventType "tourn"]
[EventCountry "SRB"]
[SourceTitle "playchess.com"]
[Source "ChessBase"]
[SourceQuality "1"]
[TimeControl "40/5400+30:1800+30"]

1. d4 Nf6 2. Nf3 g6 3. c4 Bg7 4. Nc3 O-O 5. e4 d6 6. Be3 Nbd7 7. h3 e5 8. dxe5 dxe5 9. Qd2 Qe7 10. Nd5 Nxd5 11. cxd5 {[%emt 0:00:03] The position is equal.} f5 {[%emt 0:05:22] aiming for ...f4.} 12. Bc4 (12. Qc3 $1 $14 {is superior.}) 12... Qd6 {[%emt 0:11:01] Strongly threatening ...f4.} 13. Bh6 (13. Qc2 $14) 13... fxe4 $15 14. Bxg7 Kxg7 15. Nh2 Nb6 16. Bb3 a5 17. a3 c6 18. Rd1 cxd5 19. Bxd5 {[%emt 0:00:12] [#]} e3 $1 20. fxe3 {[%emt 0:01:36] [#]} e4 {[%emt 0:00:14] Dodges Nf3} 21. Qd4+ $14 (21. Bxe4 $2 Qg3+ 22. Ke2 Rf2+ 23. Kd3 Rxd2+ $19) 21... Rf6 {[%emt 0:01:58] White leaves nothing to chance now.} 22. Bxe4 (22. Qxe4 $2 Qg3+ 23. Kd2 Nxd5 $19) 22... Qg3+ 23. Kd2 Be6 24. Rdf1 (24. Qxb6 $2 Qf2+ 25. Kc1 Rc8+ 26. Kb1 Ba2+ 27. Kxa2 Rxb6 $19) 24... Nc4+ 25. Ke2 {[%emt 0:00:37] The board is on fire.} Raf8 (25... Qe5 $16 {was called for.}) 26. Rxf6 $1 $40 {[%emt 0:04:13][%mdl 128] White attacks with force.} Rxf6 27. Rf1 (27. Bxb7 {gets mated.} Qf2+ 28. Kd3 Qd2+ (28... Qxb2 29. Qxb2 Nxb2+ 30. Kd4 $11) 29. Ke4 Qc2+ (29... Qxb2 30. Qxb2 Nxb2 31. Bd5 $17) 30. Qd3 Bf5+ (30... Qxg2+ $2 31. Kd4 $19) 31. Kf3 Bxd3+ (31... Qxd3 32. Kg3 Qd6+ 33. Kf2 Be4+ 34. Nf3 Bxb7 35. h4 Bxf3 36. gxf3 Qd2+ 37. Kg3 Nxe3 38. Rg1) 32. Kg4 Qf2 (32... Nxe3+ 33. Kg5 Rf5+ 34. Kh4 Qf2+ 35. g3 Rh5#) 33. g3 Qf5+ 34. Kh4 Qh5#) 27... Qe5 28. Qxe5 ({Much less strong is} 28. Bxb7 $6 Qxd4 29. exd4 Bf5 $16) 28... Nxe5 29. Rxf6 (29. Bxb7 $2 {loses.} Bc4+ 30. Ke1 Rb6 $19 (30... Bxf1 $2 31. Nxf1 Rb6 32. Bd5 $19)) 29... Kxf6 30. Bxb7 {[%emt 0:00:08][%mdl 4096] Endgame. KBN-KBN} Nc4 31. b4 a4 32. Bc6 Nb6 $2 (32... Nxa3 {is a better defense.} 33. Bxa4 Bf5) 33. Nf3 Bb3 (33... Nc4 {was worth a try.} 34. Bxa4 Nxa3) 34. Nd2 Ke5 35. Kd3 {[%emt 0:00:49] Against Bc2+} Be6 36. Bb5 Bf5+ 37. e4 Be6 38. Nc4+ Bxc4+ 39. Bxc4 {[%emt 0:00:02] KB-KN} Nc8 40. Bb5 Nd6 41. Bc6 g5 42. b5 {[%emt 0:00:00][%cal Bb4b5,Bb5b6][%mdl 32] b6 would kill now.} Nc8 43. Kc4 Kd6 44. Kd4 {[%emt 0:00:00] White wants to mate with e5+.} Ne7 45. e5+ Ke6 46. Kc5 Kxe5 47. b6 {[%emt 0:00:00] Weighted Error Value: White=0.14 (very precise) /Black=0.36.  Mistake:       	White=2     	Black=4      Inaccurate:     	White=2     	Black=3      OK:         	White=8     	Black=9      Best:        	White=10    	---        Strong:       	White=1     	---        Brilliant:      	---       	Black=1} 1-0

[Event "55th Ladies GM 2024"]
[Site "Belgrade9"]
[Date "2024.03.05"]
[Round "4.1"]
[White "Pogorelskikh, Sofia"]
[Black "Kubicka, Anna"]
[Result "0-1"]
[ECO "C76"]
[WhiteElo "2214"]
[BlackElo "2278"]
[Annotator "TA"]
[PlyCount "98"]
[EventDate "2024.03.02"]
[EventType "tourn"]
[EventCountry "SRB"]
[SourceTitle "playchess.com"]
[Source "ChessBase"]
[SourceQuality "1"]
[TimeControl "40/5400+30:1800+30"]

1. e4 e5 2. Nf3 Nc6 3. Bb5 a6 4. Ba4 d6 5. c3 Bd7 6. O-O g6 7. d4 Bg7 8. h3 Nge7 9. dxe5 dxe5 10. Be3 O-O {[%emt 0:00:52] White is slightly better.} 11. Nbd2 h6 12. Re1 Kh7 13. Bc2 Qe8 14. Nf1 Rd8 15. Qc1 b6 16. N3h2 f5 17. exf5 Nxf5 18. Ng3 Nxg3 19. fxg3 Bf5 20. g4 Bd3 21. Nf1 e4 22. Nd2 $1 Rf7 (22... Qe5 $11) 23. Kh1 (23. Bxd3 $1 $14 Rxd3 24. Qc2) 23... Re7 $1 $36 {[%emt 0:01:44][%mdl 2048] Black has some pressure.} 24. Nb3 Ne5 {[%emt 0:03:41][%cal Bc6e5,Be5d3,Bd3f2][%mdl 32] Black is more active.} 25. Rd1 {[%emt 0:04:57] White is weak on the light squares. Loses the game.} (25. Nd2 $17 {was worth a try.}) 25... c5 $19 ({Resist} 25... Nc4 26. Bg1) 26. a4 a5 27. Nd2 Be2 28. Rg1 Nd3 {[%emt 0:01:01] Against Qe1} 29. Qb1 Qf7 {[%emt 0:06:34] Hoping for ...Nf2+.} 30. Qa2 $2 (30. Bb3 {is more resistant.} Qf6 31. Re1 Nxe1 32. Qxe1) 30... Nf2+ 31. Kh2 Be5+ 32. g3 Qf6 33. Rg2 (33. Nxe4 $142 Nxe4 34. Bxe4) 33... Qh4 34. Bxf2 Rxd2 35. Kg1 (35. Be1 $142 Rxc2 36. Qb3 Bxg4 37. Qxc2 Qxh3+ (37... Bxh3 $2 38. Qe2 $19) 38. Kg1) 35... Qxh3 36. Bxe4 Qxg4 37. Bd5 c4 38. Bc6 Rd6 (38... Bd1 $142 39. Qb1 Rd3) 39. Bb5 Rf7 {[%emt 0:00:22][%cal Of7f2] [#] ( -> ...Rxf2!)} 40. Re1 Rdf6 (40... Rxf2 $142 41. Bc6 Rdf6 42. Qb1 Rxg2+ (42... Bxg3 {is a self mate.} 43. Be4 Rxg2+ 44. Bxg2 Bf2+ 45. Kh2 Qh4+ 46. Bh3 Qg3+ 47. Kh1 Qxh3#) 43. Bxg2 Qxg3 (43... Bxg3 $2 44. Qe4 $19) 44. Qf5 Rxf5 45. Rxe2 Qh2#) 41. Rxe2 {[%emt 0:09:42] Black is clearly winning.} Qxe2 42. Qxc4 Qd1+ 43. Qf1 Qxf1+ 44. Bxf1 {[%emt 0:00:20] [#]} Bxg3 $1 45. Rxg3 (45. Bxg3 Rxf1+) 45... Rxf2 {[%emt 0:00:05] KRR-KRB} 46. Bd3 R2f6 (46... Rxb2 47. Bxg6+ Kg8 48. Bxf7+ Kxf7 49. Rd3 $17) 47. b4 axb4 48. cxb4 Ra7 49. Bb5 h5 {[%emt 0:00:41] Weighted Error Value: White=0.99/Black=0.59.  Mistake:       	White=5     	Black=1      Inaccurate:     	White=2     	Black=1      OK:         	White=6     	Black=18     Best:        	White=3     	---        Strong:       	White=1     	Black=1} 0-1

[Event "55th Ladies GM 2024"]
[Site "Belgrade9"]
[Date "2024.03.05"]
[Round "4.2"]
[White "Djukic, Sandra"]
[Black "Xu, Yuanyuan"]
[Result "1-0"]
[ECO "D33"]
[WhiteElo "2127"]
[BlackElo "2288"]
[Annotator "TA"]
[PlyCount "83"]
[EventDate "2024.03.02"]
[EventType "tourn"]
[EventCountry "SRB"]
[SourceTitle "playchess.com"]
[Source "ChessBase"]
[SourceQuality "1"]
[TimeControl "40/5400+30:1800+30"]

1. d4 d5 2. c4 e6 3. Nf3 c5 4. cxd5 exd5 5. g3 Nc6 6. Bg2 Nf6 7. O-O Be6 8. Nc3 h6 9. b3 Rc8 10. Bb2 cxd4 11. Nxd4 Nxd4 {[%emt 0:01:33] White is slightly better.} 12. Qxd4 Bc5 13. Qd3 (13. Qa4+ $16 Kf8 14. Rac1) 13... O-O $14 14. Rad1 (14. Rac1 $5) 14... Qe7 15. e3 ({Of course not} 15. Bxd5 Rfd8 16. Qf3 Bg4 $17) 15... Rfd8 16. Nb5 Bg4 17. Rc1 h5 18. Nd4 Qd7 19. Nf3 {[%emt 0:04:41] White is more active.} (19. Ne2 $16) 19... Bf5 20. Qd1 Ng4 $2 {[%emt 0:05:12][%mdl 8192] [#] A mistake that costs the game.} (20... Qe7 $14) 21. Rxc5 $1 $18 {[%emt 0:00:41][%mdl 512] White is clearly winning.} Rxc5 22. Qd4 $1 f6 23. Qxc5 Rc8 24. Qd4 Rc2 25. h3 Nh6 26. Ne1 Rc7 27. Qxd5+ Nf7 28. Qxd7 Bxd7 29. Nd3 Rc2 30. Bd4 b6 31. a4 Be6 32. Nb4 Rd2 33. Nd5 Ng5 34. h4 Nh3+ 35. Bxh3 Bxh3 36. Rc1 Be6 37. Nf4 Bxb3 38. Rc8+ Kh7 39. Rc7 Kh6 40. Rxa7 g5 41. hxg5+ fxg5 42. Bg7+ {[%emt 0:00:11] Weighted Error Value: White=0.16 (very precise) /Black=0.41.  Loses game:     	---       	Black=1      Mistake:       	White=2     	---        Inaccurate:     	---       	Black=3      OK:         	White=15    	Black=10     Best:        	White=1     	Black=1      Brilliant:      	White=1     	---} 1-0

[Event "55th Ladies GM 2024"]
[Site "Belgrade9"]
[Date "2024.03.05"]
[Round "4.3"]
[White "Doluhanova, Evgeniya"]
[Black "Lu, Miaoyi"]
[Result "0-1"]
[ECO "D40"]
[WhiteElo "2261"]
[BlackElo "2392"]
[Annotator "TA"]
[PlyCount "116"]
[EventDate "2024.03.02"]
[EventType "tourn"]
[EventCountry "SRB"]
[SourceTitle "playchess.com"]
[Source "ChessBase"]
[SourceQuality "1"]
[TimeControl "40/5400+30:1800+30"]

1. Nf3 Nf6 2. c4 e6 3. Nc3 d5 4. e3 c5 5. d4 Nc6 6. Be2 dxc4 7. O-O a6 8. Bxc4 b5 9. Bb3 Bb7 10. a4 (10. Qe2 $11) 10... cxd4 (10... b4 $17 11. Ne2 Na5) 11. axb5 $11 (11. exd4 b4 12. Ne2 Na5 $15) 11... dxc3 {[%emt 0:07:19] Weiß hat minimalen Vorteil.} 12. bxc6 Qxd1 13. Rxd1 Bxc6 14. bxc3 Nd7 {[%emt 0:08:03] Es drohte Ne5} 15. Nd4 Bb7 16. Ba4 {[%emt 0:01:11][%cal Od4e6] Schwarz muss nun Nxe6! beachten.} O-O-O $1 17. Bb2 (17. Bc2 $16) 17... Nc5 18. Bc2 Be7 (18... e5 $11) 19. c4 Rd7 20. f3 Rhd8 21. Bc3 Bd6 22. Ra5 (22. Bxh7 $6 g6 $15) 22... g6 23. Rb1 Rc7 24. Raa1 Rcd7 (24... e5 $11 {hält das Gleichgewicht.} 25. Ne2 Rcd7) 25. Ra5 (25. Nb3 $16) 25... e5 26. Ne2 f6 27. Bb4 Ne6 (27... Rc7 $14) 28. c5 $36 {[%emt 0:05:34][%mdl 2048] Schwarz steht unter starkem Druck.} Bc7 {[%emt 0:03:37] [#]} 29. c6 $1 Bxc6 30. Rxa6 Kb7 31. Raa1 {[%emt 0:02:46][%cal Ba6a1,Ba1b1,Bb1d1][%mdl 32] Bb3 ist eine echte Drohung.} Kc8 (31... Rb8 $16 {ist wohl besser.}) 32. Bb3 $18 Ng7 {[%emt 0:02:06] [#]} 33. Rc1 $1 Kb7 34. Bc4 Ra8 {[%emt 0:00:48] Lässt Ba6+ nicht zu} 35. Rab1 {[%emt 0:00:33] Be7+ wäre nun fies.} Kc8 36. Bf8 (36. Bg8 $16 Bd5 37. Bxh7) 36... Kd8 $14 37. Rd1 (37. Bg8 $14 Ra6 38. e4 (38. Bxh7 Ne6 $17)) 37... Nf5 $11 38. Kf2 Rxd1 39. Rxd1+ Ke8 40. Bb4 (40. Bc5 $11 {bleibt in der Remisbreite.}) 40... Bb6 $17 41. Bd2 {[%emt 0:05:25] [#]} Ra3 $1 {[%emt 0:04:44][%cal Rf5e3] Schwarz steht aktiver.} 42. Rb1 ({Jedoch nicht} 42. Nc3 $2 Rxc3 43. Bxc3 Nxe3 $19 (43... Bxe3+ 44. Ke2 $16)) 42... Bxe3+ 43. Bxe3 Nxe3 44. Rb6 Kd7 ({Bitte nicht} 44... Nxc4 $6 45. Rxc6 Nb2 46. Rxf6 $11) 45. Bg8 h6 46. Be6+ Kc7 47. Rb1 f5 48. Bb3 (48. g3 $17) 48... f4 $19 49. Nc3 g5 50. h3 h5 51. Ne2 g4 52. hxg4 hxg4 {[%emt 0:00:00] Droht ...Kd6 und aus.} 53. g3 $2 (53. Be6) 53... gxf3 54. gxf4 Ng4+ 55. Ke1 fxe2 $2 (55... f2+ $19 {ist viel giftiger.} 56. Kf1 Kd6 (56... Be4 $2 57. Rc1+ Kd7 58. Rc3 $19) 57. fxe5+ Kxe5) 56. fxe5 $17 Bf3 57. e6 (57. Bc4 $17) 57... Ne3 {[%emt 0:01:00][%cal Oa3b3] ( -> ...Rxb3!)} 58. Kd2 Ng2 {[%emt 0:00:11] Kein schönes Erlebnis für Weiß.   Gewichteter Fehlerwert: Weiß=0.42/Schwarz=0.28 (präzise) .  Verlustzug:     	Weiß=1     	---        Fehler:       	Weiß=8     	Schwarz=5     Ungenau:       	Weiß=3     	Schwarz=2     OK:         	Weiß=13    	Schwarz=19    Bester:       	Weiß=6     	Schwarz=8     Stark:        	---       	Schwarz=2} 0-1

[Event "55th Ladies GM 2024"]
[Site "Belgrade9"]
[Date "2024.03.05"]
[Round "4.4"]
[White "Kulkarni Bhakti"]
[Black "Mehmed, Elif"]
[Result "0-1"]
[ECO "D02"]
[WhiteElo "2372"]
[BlackElo "2194"]
[Annotator "RC"]
[PlyCount "120"]
[EventDate "2024.03.02"]
[EventType "tourn"]
[EventCountry "SRB"]
[SourceTitle "playchess.com"]
[Source "ChessBase"]
[SourceQuality "1"]
[TimeControl "40/5400+30:1800+30"]

1. Nf3 d5 2. g3 Nf6 3. Bg2 c6 4. O-O Bg4 5. d4 e6 6. h3 Bf5 7. c4 Nbd7 8. cxd5 exd5 9. Qb3 Qb6 10. Qe3+ Be7 11. Nh4 Bg6 12. Nc3 Nf8 13. f4 Bc2 14. Qd2 Be4 15. Nxe4 Nxe4 16. Bxe4 dxe4 17. Nf5 Ne6 18. e3 Bb4 19. Qc2 g6 20. Nh6 f5 21. Qc4 Ke7 22. g4 Rhf8 23. a3 Bd6 24. b4 Nc7 25. Ra2 a5 26. gxf5 gxf5 27. Rg2 Qb5 28. Qc2 Ne6 29. bxa5 Rxa5 30. Qd1 Bxa3 31. Bd2 Raa8 32. Be1 Kd7 33. Qh5 Kc7 34. Ng8 Kb6 35. Qxh7 Bc1 36. Bf2 Bd2 37. d5 Nc5 38. d6 Nd3 39. Rg7 Rab8 40. Rd1 Bc3 41. Rg5 Qb3 42. Qc7+ Ka6 43. Rf1 Rxg8 44. Bh4 Bf6 45. Kh1 Qb2 46. Qf7 Bxg5 47. Bxg5 Nf2+ 48. Rxf2 Qxf2 49. Qc4+ b5 50. Qxc6+ Rb6 51. Qc3 Qf1+ 52. Kh2 Qe2+ 53. Kg3 Qd3 54. Qa1+ Kb7 55. Qf6 Qxe3+ 56. Kh4 Qe1+ 57. Kh5 Qd1+ 58. Kh4 Ka6 59. Qe6 Rh8+ 60. Bh6 Rxh6+ 0-1